 Dungeon Crawl Stone Soup version 0.27.1-2-g3b301248ec (webtiles) character file.

Game seed: 10998015877067076698

167 barney the Changer (level 5, 0/31 (40) HPs)
             Began as a Draconian Transmuter on Oct 1, 2021.
             Slain by Duvessa (12 damage)
             ... on level 4 of the Dungeon.
             The game lasted 00:05:26 (5390 turns).

barney the Changer (Draconian Transmuter)           Turns: 5390, Time: 00:05:26

HP:   0/31 (40)     AC:  2    Str: 12 (14) XL:     5   Next: 23%
MP:   8/8           EV: 18    Int: 11 (14) God:
Gold: 118           SH:  0    Dex: 14 (17) Spells: 2/8 levels left

rFire    . . .     SeeInvis .     - Unarmed
rCold    . . .     Faith    .   (shield currently unavailable)
rNeg     . . .     Spirit   .   (armour unavailable)
rPois    x         Reflect  .   (helmet currently unavailable)
rElec    .         Harm     .   (cloak currently unavailable)
rCorr    .         Rampage  .   (gloves currently unavailable)
Will     .....     Rnd*Tele +   (boots currently unavailable)
Stlth    +.........             k - amulet of the acrobat
HPRegen  1.10/turn              (no ring)
MPRegen  0.11/turn              (no ring)

@: confused, mighty, spider-form (expiring), ambrosia-drunk, very slightly
contaminated, heavily drained
A: venomous fangs, AC +5, tiny, unfitting armour, (cold-blooded), regeneration
1, strong 1, teleportitis 1
a: End Transformation


You were on level 4 of the Dungeon.
You were a venomous arachnid creature.
You visited 1 branch of the dungeon, and saw 4 of its levels.

You collected 118 gold pieces.

Inventory:

Hand Weapons
 g - a +0 short sword of draining
 n - a +0 great mace
 p - a +4 flail of holy wrath (melded)
Armour
 l - a scarf of invisibility (melded)
Jewellery
 k - an amulet of the acrobat (around neck)
 o - an amulet of guardian spirit
Wands
 f - a wand of digging (4)
Scrolls
 c - a scroll of magic mapping
 d - a scroll of vulnerability {unknown}
 e - 2 scrolls of identify {unknown}
 i - a scroll of silence {unknown}
 r - a scroll of amnesia {unknown}


   Skills:
 - Level 1.1 Fighting
 - Level 1.7 Dodging
 - Level 3.0 Unarmed Combat
 - Level 2.0 Spellcasting
 + Level 5.5 Transmutations


You had 2 spell levels left.
You knew the following spells:

 Your Spells              Type           Power      Damage    Failure   Level
a - Beastly Appendage     Tmut           26%        N/A       11%         1
b - Spider Form           Tmut/Pois      3%         N/A       50%         3
c - Wereblood             Tmut           13%        N/A       14%         2

Your spell library contained the following spells:

 Spells                   Type           Power      Damage    Failure   Level
 Call Canine Familiar     Summ           1%         N/A       83%         3
 Gell's Gravitas          Tloc           0%         N/A       83%         3
 Portal Projectile        Hex/Tloc       2%         N/A       83%         3
 Teleport Other           Tloc           1%         N/A       83%         3
 Ice Form                 Ice/Tmut       7%         N/A       85%         4
 Leda's Liquefaction      Hex/Erth       0%         N/A       99%         4
 Dispersal                Tloc           0%         N/A       100%        6


Dungeon Overview and Level Annotations

Branches:
Dungeon (4/15)             Temple (0/1) D:4

Altars:

Annotations:
D:4 Dowan, Duvessa, Robin


Innate Abilities, Weirdness & Mutations

You are a venomous arachnid creature.
You have poisonous fangs.
You are tiny and dextrous.
Your spellcasting is less reliable in this form.
Your armour is entirely melded.
You are incapable of wielding weapons or throwing items.
((Your plain brown scales are hard. (AC +5)))
You cannot fit into any form of body armour.
((You are cold-blooded and may be slowed by cold attacks.))
Your natural rate of healing is unusually fast.
Your muscles are strong. (Str +2)
You are occasionally teleported next to monsters.


Message History

Unknown command.
Unknown command.
Duvessa hits you with a +0 rapier.
Okay, then.
Casting: Beastly Appendage (safe; 3% risk of failure)
Confirm with . or Enter, or press ? or * to list all spells.
The spell is quite dangerous to cast (28% risk of failure)!
Continue anyway?
You miscast Spider Form.
Nothing appears to happen.
Duvessa hits you with a +0 rapier.
Casting: Spider Form (quite dangerous; 28% risk of failure)
Confirm with . or Enter, or press ? or * to list all spells.
The spell is quite dangerous to cast (28% risk of failure)!
Continue anyway?
You turn into a venomous arachnid creature.
Your +4 flail of holy wrath melds into your body.
Your scarf of invisibility melds into your body.
Your +4 flail of holy wrath stops glowing.
Duvessa hits you with a +0 rapier! Duvessa barely misses you.
Unknown command.
You bite Duvessa!
Duvessa is heavily wounded.
Duvessa hits you with a +0 rapier.
You hit Duvessa.
Duvessa is poisoned.
Duvessa is heavily wounded.
Duvessa completely misses you. Duvessa misses you.
You barely miss Duvessa.
Duvessa is heavily wounded.
Your transformation is almost over.
Duvessa hits you with a +0 rapier!
* * * LOW HITPOINT WARNING * * *
You are confused.
You feel invigorated. Duvessa closely misses you.
Unknown command.
You bump into the rock wall.
Duvessa hits you with a +0 rapier!
* * * LOW HITPOINT WARNING * * *
Duvessa hits you with a +0 rapier.
* * * LOW HITPOINT WARNING * * *
Unknown command.
You bump into the rock wall.
Duvessa hits you but does no damage. Duvessa hits you with a +0 rapier!
You die...

*** *.............#
..###* *............##
.....##* *...........##
.......###
*..........##
.........##*##.......##
..........# ######..#
..........## ##...##
...........# ##..###
...........####.s##
.........e.##..e######
...........#..##.....#
.............##...^..##
###############..†....#
,,,***,,,** #.......#*
,,,**,,,,,** ##.......#
,,,*,,,,,,,* ##......#
,,,+,,,,,,,*** ##.....#


You could see Duvessa (fast, very poisoned).

Vanquished Creatures
  An iguana (D:3)
  Terence (D:3)
  6 adders
  2 worms
  A dart slug (D:2)
  2 bats
  7 endoplasms
  2 giant cockroaches (D:1)
  7 goblins
  5 hobgoblins
  2 quokkas
  4 ball pythons
  4 frilled lizards
  9 kobolds
  4 rats
57 creatures vanquished.

Notes
Turn   | Place    | Note
-------+----------+-------------------------------------------
     0 | D:1      | barney the Draconian Transmuter began the quest for the
                  | Orb.
     0 | D:1      | Reached XP level 1. HP: 16/16 MP: 3/3
   339 | D:1      | Reached XP level 2. HP: 8/23 MP: 3/5
   769 | D:1      | Reached skill level 3 in Transmutations
  1315 | D:2      | Reached XP level 3. HP: 28/28 MP: 4/6
  1344 | D:2      | Learned a level 3 spell: Spider Form
  1347 | D:2      | Learned a level 2 spell: Wereblood
  1751 | D:2      | Reached skill level 4 in Transmutations
  2281 | D:2      | Reached XP level 4. HP: 32/35 MP: 3/7
  3767 | D:3      | Reached skill level 5 in Transmutations
  4129 | D:3      | Noticed Terence
  4152 | D:3      | Killed Terence
  4153 | D:3      | Reached XP level 5. HP: 12/40 MP: 8/8
  5075 | D:4      | Noticed Robin
  5083 | D:4      | Noticed Dowan
  5356 | D:4      | Noticed Duvessa
  5358 | D:4      | Gained mutation: Your natural rate of healing is unusually
                  | fast. [potion of mutation]
  5358 | D:4      | Gained mutation: Your muscles are strong. (Str +2) [potion
                  | of mutation]
  5358 | D:4      | Gained mutation: You are occasionally teleported next to
                  | monsters. [potion of mutation]
  5390 | D:4      | Slain by Duvessa

Illustrated notes

Levels and vault maps discovered:
D:1:      tarquinn_simple_flora_water_a, layout_basic, minivault_4
D:2:      layout_basic, serial_rivers, chequers_serial_rivers_marsh,
          chequers_serial_rivers_room_b, chequers_serial_rivers_small_b,
          chequers_serial_rivers_micro_a, chequers_serial_rivers_marsh,
          minmay_heptomino_h4
D:3:      layout_loops_ring, uniq_terence
D:4:      minmay_opposing_rooms, layout_cave_pods, minmay_temple_entry_mist,
          hangedman_abyss_or_decor_lesser_grid, minmay_misc_feat_nine_boxes,
          uniq_duvessa, uniq_robin

Skill      XL: |  1  2  3  4 |
---------------+-------------+-----
Transmutations | 3 4 5 |  5.5
Fighting       | |  1.1
Dodging        | |  1.7
Unarmed Combat | |  3.0
Spellcasting   | |  2.0

Action                   |  1- 3 |  4- 6 || total
-------------------------+-------+-------++-------
Melee: Unarmed           |   110 |    48 ||   158
       Tailslap          |    11 |     6 ||    17
       Headbutt          |     5 |     4 ||     9
       Kick              |     9 |     4 ||    13
       Punch             |     2 |       ||     2
       Great mace        |       |    14 ||    14
       Flail             |       |    22 ||    22
 Cast: Beastly Appendage |    17 |    12 ||    29
       Spider Form       |     5 |     4 ||     9
       Wereblood         |     1 |       ||     1
 Abil: Evoke Invisibilit |       |     1 ||     1
  Use: Potion            |       |     8 ||     8
       Scroll            |       |     3 ||     3
 Stab: Sleeping          |     1 |     1 ||     2
Armor: Skin              |    20 |    33 ||    53
Dodge: Dodged            |    72 |    88 ||   160
